 Dungeon Crawl Stone Soup version 0.32-a0-859-gb0a091d592 (webtiles) character file.

Game seed: 1880185215351688670

2790 SkeletorGaming the Grappler (level 9, -1/70 (74) HPs)
             Began as a Purple Draconian Shapeshifter on Mar 27, 2024.
             Was a Priest of Ru.
             Succumbed to a killer bee's poison
             ... on level 7 of the Dungeon.
             The game lasted 00:23:48 (6995 turns).

SkeletorGaming the Grappler (DrSh)                  Turns: 6995, Time: 00:23:49

HP:   -1/70 (74)    AC:  7    Str: 20    XL:     9   Next: 43%
MP:   9/9           EV: 12    Int: 10    God:    Ru [***...]
Gold: 313           SH:  0    Dex: 12    Spells: 8/8 levels left

rFire   . .          .
                       - Unarmed
rCold   . . .        (no shield)
rNeg    . . .        (body armour unavailable)
rPois   .            (helmet currently unavailable)
rElec   .            (cloak currently unavailable)
rCorr   .            (gloves currently unavailable)
SInv    .            (boots currently unavailable)
Will    +....        h - amulet of magic regeneration
Stlth   +            (no ring)
HPRegen 0.31/turn    (no ring)
MPRegen 0.51/turn

%: no passive effects
@: lethally poisoned (-1 -> -11), exhausted, beast-form, drained
A: beast (slay +4), nullifying breath, AC +7, unfitting armour, cold-blooded,
inability to use devices, hated by all
a: Nullifying Breath, Begin Untransformation, Renounce Religion, Draw Out Power


You were on level 7 of the Dungeon.
You worshipped Ru.
Ru was most pleased with you.
You were a hulking beast.
You visited 1 branch of the dungeon, and saw 7 of its levels.

You collected 313 gold pieces.

Inventory:

Armour
 o - the +0 pair of gloves of the gadgeteer {Gadgeteer Wandboost ^Fragile}
   (You found it on level 5 of the Dungeon)

   Gadgeteer: Your evocable items recharge 30% faster and wands have a 30%
   chance to not spend a charge.
   Wandboost: Your wands are more powerful.
   ^Fragile:  It will be destroyed if unequipped.
Jewellery
 h - an amulet of magic regeneration (around neck)
 s - an amulet of guardian spirit
Talismans
 b - a beast talisman (active)
 c - a flux talisman
 w - a maw talisman
Wands
 t - a wand of quicksilver (22)
Scrolls
 a - a scroll of enchant armour
 d - a scroll of enchant weapon
 k - 2 scrolls of revelation
 m - a scroll of fear
 n - 2 scrolls of blinking
 p - a scroll of teleportation {unknown}
 q - 2 scrolls of fog {unknown}
 r - 2 scrolls of noise {unknown}
 v - a scroll of vulnerability {unknown}
 y - a scroll of identify
Potions
 e - 3 potions of magic
 f - 3 potions of attraction
 g - a potion of might {unknown}
 i - a potion of resistance {unknown}
 j - 2 potions of degeneration {unknown}
 l - a potion of curing {unknown}
 u - a potion of heal wounds {unknown}
 x - a potion of invisibility {unknown}


   Skills:
 - Level 5.3 Fighting
 - Level 4.5 Dodging
 - Level 8.6 Unarmed Combat
 * Level 7.8 Shapeshifting


You had 8 spell levels left.
You didn't know any spells.
Your spell library was empty.

Dungeon Overview and Level Annotations

Branches:
Dungeon (7/15)             Temple (0/1) D:4

Altars:
Dithmenos
Makhleb
Ru
Uskayaw
Vehumet
The Shining One

Shops:
D:5 :   D:7 [

Annotations:
D:4 Menkaure


Innate Abilities, Weirdness & Mutations

You are a hulking beast.
Your limbs bulge with bestial killing power. (Slay +4)
You can breathe blasts of antimagic.
Your rich purple scales are hard. (AC +7)
You cannot fit into any form of body armour.
You are cold-blooded and may be slowed by cold attacks.
You cannot study or use magical devices.
You are hated by all.


Message History

You feel drained.
You feel very sick.
The killer bee stings you but does no damage. x2
The killer bee stings you.
You are more poisoned.
The killer bee poisons you! The killer bee stings you!
You are more poisoned.
The killer bee poisons you!
You focus your inner power and blind the killer bee in retribution!
The killer bee stings you but does no damage. x2
You hit the killer bee. You tail-slap the killer bee.
The killer bee is moderately wounded.
You feel very sick.
The killer bee stings you but does no damage. x2
You barely miss the killer bee.
The killer bee is moderately wounded.
* * * LOW HITPOINT WARNING * * *
You feel very sick. The killer bee completely misses you.
The killer bee is stunned by your conviction and fails to attack.
The killer bee closely misses you. The killer bee completely misses you.
* * * LOW HITPOINT WARNING * * *
You feel very sick. The killer bee barely misses you.
The killer bee misses you.
* * * LOW HITPOINT WARNING * * *
You feel very sick.
The killer bee stings you but does no damage.
The killer bee stings you.
* * * LOW HITPOINT WARNING * * *
* * * LOW HITPOINT WARNING * * *
You feel very sick. The killer bee stings you.
* * * LOW HITPOINT WARNING * * *
The killer bee closely misses you.
Aiming: Nullifying Breath
Press: ? - help, Shift-Dir - straight line You breathe a sphere of nullifying energy.
You fail to use your ability.
You die...
Ru respects your ultimate sacrifice.

....... #.....# #.....#
#.....# #.....## #.ß.ß.ß#
#..⌠.⌠.#
############.ß.∩.ß#######
......†..yyh..⌠.⌠....#..###
..........yy.ß.ß.ß...#....+
.....................#....#
.....................#....#
.....................##'####
#####################.......
#....... #....... #.......


You could see 4 killer bees.

Vanquished Creatures
  A komodo dragon (D:7)
  Prince Ribbit (D:5)
  Grinder (D:3)
  Eustachio (D:6)
  A steam dragon (D:7)
  A water moccasin (D:6)
  3 black bears (D:4)
  3 centaurs
  2 ogres
  A phantom (D:5)
  Blork the orc (D:5)
  3 scorpions
  5 killer bees (D:7)
  2 bullfrog zombies (D:5)
  3 hounds
  4 jellies
  Ijyb (D:5)
  2 iguanas
  A howler monkey zombie (D:5)
  A gnoll (D:1)
  7 adders
  A shadow imp (D:7)
  A white imp (D:6)
  2 adder zombies (D:5)
  3 dart slugs
  5 ribbon worms
  21 orcs
  6 ball pythons
  5 endoplasms
  2 giant cockroaches
  7 goblins
  7 hobgoblins
  3 jackals (D:5)
  4 kobolds
  A quokka (D:5)
  4 bats
  5 frilled lizards
  2 rats
124 creatures vanquished.

Vanquished Creatures (others)
  A goblin (D:4)
1 creature vanquished.

Grand Total: 125 creatures vanquished

Notes
Turn   | Place    | Note
-------+----------+-------------------------------------------
     0 | D:1      | SkeletorGaming the Draconian Shapeshifter began the quest
                  | for the Orb.
     0 | D:1      | Reached XP level 1. HP: 16/16 MP: 1/1
   101 | D:1      | Reached XP level 2. HP: 23/23 MP: 2/2
   602 | D:2      | Reached XP level 3. HP: 13/28 MP: 3/3
   698 | D:2      | Found a sacrificial altar of Ru.
   732 | D:2      | Became a worshipper of Ru the Awakened
  1441 | D:3      | Reached XP level 4. HP: 36/36 MP: 4/4
  1957 | D:3      | Noticed Grinder
  1984 | D:3      | Paralysed by Grinder for 2 turns
  1991 | D:3      | Killed Grinder
  1992 | D:3      | Reached skill level 4 in Unarmed Combat
  1992 | D:3      | Reached XP level 5. HP: 19/42 MP: 5/5
  1992 | D:3      | Reached XP level 6. HP: 23/50 MP: 6/6
  2244 | D:3      | Gained mutation: You are hated by all. [Ru sacrifice]
  2244 | D:3      | Reached * piety under Ru
  2471 | D:4      | Reached skill level 5 in Unarmed Combat
  2555 | D:4      | Found a staircase to the Ecumenical Temple.
  2558 | D:4      | Noticed Menkaure
  3128 | D:4      | Your scales start taking on a rich purple colour.
  3128 | D:4      | Reached XP level 7. HP: 33/57 MP: 7/7
  3338 | D:4      | Reached skill level 6 in Unarmed Combat
  3502 | D:5      | Entered Level 5 of the Dungeon
  3671 | D:5      | Found a burning altar of Makhleb.
  3673 | D:5      | Found a shadowy altar of Dithmenos.
  3677 | D:5      | Found a radiant altar of Vehumet.
  3684 | D:5      | Found a hide-covered altar of Uskayaw.
  3732 | D:5      | Found Baqoam's Tiny Tomes.
  4050 | D:5      | Reached skill level 5 in Shapeshifting
  4085 | D:5      | Found the +0 pair of gloves of the gadgeteer {Gadgeteer
                  | Wandboost ^Fragile}
  4092 | D:5      | Reached XP level 8. HP: 55/66 MP: 8/8
  4104 | D:5      | Noticed Blork the orc
  4115 | D:5      | Killed Blork the orc
  4116 | D:5      | Reached skill level 7 in Unarmed Combat
  4465 | D:5      | Noticed Prince Ribbit
  4484 | D:5      | Killed Prince Ribbit
  4636 | D:5      | Noticed Ijyb
  4643 | D:5      | Killed Ijyb
  4974 | D:6      | Reached skill level 8 in Unarmed Combat
  5052 | D:6      | Reached skill level 5 in Fighting
  5593 | D:6      | Gained mutation: You cannot study or use magical devices.
                  | [Ru sacrifice]
  5593 | D:6      | Reached ** piety under Ru
  5593 | D:6      | Reached *** piety under Ru
  5653 | D:6      | Noticed Eustachio
  5670 | D:6      | Reached XP level 9. HP: 31/74 MP: 9/9
  5679 | D:6      | Killed Eustachio
  6316 | D:7      | Noticed a komodo dragon
  6668 | D:7      | Killed a komodo dragon
  6941 | D:7      | Found a glowing golden altar of the Shining One.
  6964 | D:7      | Found Tuvaxti's Armour Shoppe.
  6994 | D:7      | HP: 1/70 [killer bee (6)]
  6995 | D:7      | Succumbed to a killer bee's poison

Illustrated notes

Levels and vault maps discovered:
D:1:      ncdulo_halloftheorcs, layout_basic, minmay_shallow_snake_nest
D:2:      layout_basic, basic_altar
D:3:      layout_basic, uniq_grinder
D:4:      layout_layer_cave, nemelex_dance_club_becter,
          minmay_temple_entry_large_hall, dreamdust_wishing_well,
          lightli_corner_chamber, uniq_menkaure
D:5:      layout_basic, nicolae_yredelemnul_corpse_copse, minitemple,
          nicolae_shop_i_like_small_books_too, minmay_checkerbox,
          uniq_prince_ribbit1, uniq_blork_the_orc, uniq_ijyb
D:6:      layout_basic, uniq_eustachio
D:7:      layout_gridville, tso_altar, serial_shops, shop, shop,
          nicolae_shop_temple_entry_statues_fountains, shop,
          chequers_serial_rivers_large_a, guppyfry_shop_venom

Skill      XL: |  1  2  3  4  5  6  7  8  9 |
---------------+----------------------------+-----
Dodging        | 2 3 4 |  4.5
Fighting       | 2 3 4 5 |  5.3
Unarmed Combat | 4 5 6 8 |  8.6
Shapeshifting  | 4 5 7 |  7.8

Action                     |  1- 3 |  4- 6 |  7- 9 || total
---------------------------+-------+-------+-------++-------
  Melee: Unarmed           |    76 |   105 |   250 ||   431
         Tailslap          |    14 |    23 |    40 ||    77
         Punch             |     1 |     3 |     9 ||    13
 Invoke: Sacrifice Love    |       |     1 |       ||     1
         Sacrifice Artific |       |       |     1 ||     1
         Draw Out Power    |       |       |     2 ||     2
Ability: Nullifying Breath |       |       |     1 ||     1
    Use: Scroll            |     3 |     2 |     3 ||     8
         Potion            |       |     1 |       ||     1
   Stab: Sleeping          |     1 |       |       ||     1
 Armour: Skin              |    49 |    71 |   194 ||   314
  Dodge: Dodged            |    35 |    54 |   173 ||   262

Table legend: (Time is in decaauts)
 A = Elapsed time spent in this place.
 B = Non-inter-level travel time spent in this place.
 C = Inter-level travel time spent in this place.
 D = Time resting spent in this place.
 E = Time spent auto-exploring this place.
 F = Levels seen in this place.
 G = Mean time per level.
                   A        B        C        D        E       F      G
               +--------+--------+--------+--------+--------+-----+--------+
         Total |   6945 |   6863 |     82 |   2286 |   2807 |   7 |  992.1 |
       Dungeon |   6945 |   6863 |     82 |   2286 |   2807 |   7 |  992.1 |
               +--------+--------+--------+--------+--------+-----+--------+

Top non-repeatable levels by time:
     D:5: 1268 daAuts
     D:6: 1241 daAuts
     D:3: 1183 daAuts
     D:4: 1054 daAuts
     D:7: 950 daAuts
     D:2: 716 daAuts
     D:1: 531 daAuts
